 Dungeon Crawl Stone Soup version 0.21.0 (webtiles) character file.

72 Ghouzt the Skirmisher (level 4, -2/40 HPs)
             Began as a Draconian Berserker on Jan 7, 2018.
             Was a Believer of Trog.
             Slain by Sigmund
             ... wielding a +0 scythe
              (4 damage)
             ... on level 2 of the Dungeon.
             The game lasted 00:04:02 (1627 turns).

Ghouzt the Skirmisher (Draconian Berserker)         Turns: 1627, Time: 00:04:03

Health: -2/40      AC:  5    Str: 20    XL:     4   Next: 7%
Magic:  4/4        EV: 10    Int:  8    God:    Trog [**....]
Gold:   71         SH:  7    Dex: 10    Spells: 3/3 levels left

rFire    . . .     SeeInvis .   a - +0 hand axe
rCold    . . .     Gourm    .   k - +0 shield
rNeg     . . .     Faith    .   (armour unavailable)
rPois    .         Spirit   .   (helmet restricted)
rElec    .         Reflect  .   (no cloak)
rCorr    .         Harm     .   (no gloves)
MR       .....                  (no boots)
Stlth    +.........             e - amulet of regeneration
HPRegen  0.53/turn              (no ring)
MPRegen  0.09/turn              (no ring)

@: very slightly contaminated, slowed, invisible, very slow
A: unfitting armour, cold-blooded, AC +5
a: Berserk, Trog's Hand, Burn Spellbooks, Renounce Religion


You were on level 2 of the Dungeon.
You worshipped Trog.
Trog was pleased with you.
You were near starving.

You visited 1 branch of the dungeon, and saw 2 of its levels.

You collected 71 gold pieces.

Inventory:

Hand Weapons
 a - a +0 hand axe (weapon)
Armour
 f - a +0 plate armour
 k - a +0 shield (worn)
Jewellery
 e - an amulet of regeneration (around neck)
Wands
 c - a wand of disintegration (16)
Scrolls
 d - 2 scrolls of magic mapping {unknown}
 g - 2 scrolls of enchant weapon {unknown}
 h - 2 scrolls of identify {unknown}
Potions
 j - a potion of heal wounds {unknown}
Comestibles
 b - a ration


   Skills:
 + Level 4.1 Fighting
 + Level 3.9 Axes
 + Level 3.2 Dodging
 + Level 0.1 Stealth


You had 3 spell levels left.
You didn't know any spells.

Dungeon Overview and Level Annotations

Branches:
Dungeon (2/15)

Altars:

Annotations:
D:2 Natasha, Sigmund


Innate Abilities, Weirdness & Mutations

Your plain brown scales are hard. (AC +5)
You cannot fit into any form of body armour.
You are cold-blooded and may be slowed by cold attacks.


Message History

Natasha closely misses you. You block something's attack.
You hear some strange, mumbled words.
Something tries to affect you, but you resist.
Something hits you.
There is an open door, spattered with blood here.
You hit something. Something hits you but does no damage.
You closely miss something.
You feel the effects of Trog's Hand fading.
Something hits you but does no damage. x2
You barely miss something.
Natasha seems less confused.
Natasha casts a spell at you. The magic dart hits you! Something hits you!
* * * LOW HITPOINT WARNING * * *
Natasha claws you!
* * * LOW HITPOINT WARNING * * *
You hit something but do no damage. You barely miss Natasha.
Your skin stops crawling.
You feel less resistant to hostile enchantments.
Something hits you.
You die...

..........#
..........# .#
.######...####### .#
.#
#............##.#####
.#
#............#.......
.#
#............#.......
.#
#..).........#.......
.#
#...........h#.......
.#
#.....>......@{......
.#
#............#.......
.#
#............#.......
.#
##############.......
.# .%..... .# .......
.# ####### .# .#


You could see Natasha.

Vanquished Creatures
  2 adders (D:2)
  An ooze (D:1)
  3 dart slugs
  3 giant cockroaches
  5 goblins
  6 hobgoblins
  4 jackals (D:2)
  6 kobolds
  2 ball pythons
  3 bats
  4 rats (D:1)
39 creatures vanquished.

Notes
Turn   | Place    | Note
-------+----------+-------------------------------------------
     0 | D:1      | Ghouzt the Draconian Berserker began the quest for the Orb.
     0 | D:1      | Reached XP level 1. HP: 19/19 MP: 1/1
    92 | D:1      | Reached XP level 2. HP: 20/26 MP: 2/2
   539 | D:1      | Reached XP level 3. HP: 30/33 MP: 3/3
   951 | D:2      | Reached ** piety under Trog
   984 | D:2      | Reached skill level 4 in Fighting
  1089 | D:1      | You fall through a shaft!
  1178 | D:2      | Reached XP level 4. HP: 40/40 MP: 4/4
  1612 | D:2      | Noticed Natasha
  1613 | D:2      | Noticed Sigmund
  1626 | D:2      | HP: 1/40 [Natasha (8)]
  1627 | D:2      | Slain by Sigmund

Skill      XL: |  1  2  3 |
---------------+----------+-----
Dodging        | 3 |  3.2
Fighting       | 4 |  4.1
Axes           | |  3.9
Stealth        | |  0.1

Action                   |  1- 3 |  4- 6 || total
-------------------------+-------+-------++-------
Melee: Hand axe          |    97 |    20 ||   117
       Tailslap          |    20 |       ||    20
Invok: Trog's Hand       |       |     1 ||     1
  Use: Potion            |       |     1 ||     1
  Eat: Chunk             |     1 |       ||     1
Armor: Skin              |    37 |     6 ||    43
Dodge: Dodged            |    89 |     9 ||    98
Block: Shield            |       |     2 ||     2
